 Dungeon Crawl Stone Soup version 0.31.0-9-g3a7656b989 (webtiles) character file.

Game seed: 9138569453058477926

13 qw the Shooter (level 2, -1/14 HPs)
             Began as a Spriggan Hunter on Feb 2, 2024.
             Succumbed to their own poison gas
             ... on level 1 of the Dungeon.
             The game lasted 00:00:01 (722 turns).

qw the Shooter (Spriggan Hunter)                     Turns: 722, Time: 00:00:02

Health: -1/14      AC:  3    Str:  7    XL:     2   Next: 24%
Magic:  3/3        EV: 19    Int: 10    God:
Gold:   32         SH:  0    Dex: 18    Spells: 1/1 levels left

rFire   . . .        a - +0 shortbow (drain)
rCold   . . .        (shield currently unavailable)
rNeg    . . .        c - +0 robe
rPois   .            (helmet restricted)
rElec   .            h - +0 cloak
rCorr   .            (gloves unavailable)
SInv    +            (boots unavailable)
Will    .....        (no amulet)
Stlth   ++           (no ring)
HPRegen 0.22/turn    (no ring)
MPRegen 0.08/turn

%: no passive effects
@: lethally poisoned (-1 -> -15), very quick
A: very small, no large weapons, unfitting armour, see invisible, speed 3
a: no special abilities


You were on level 1 of the Dungeon.
You visited 1 branch of the dungeon, and saw 1 of its levels.

You collected 32 gold pieces.


Innate Abilities, Weirdness & Mutations

You are very small and have problems with some larger weapons.
You are too small for most types of armour.
You have supernaturally acute eyesight. (SInv)
You cover ground extremely quickly. (Speed+++)


   Skills:
 - Level 1.5 Fighting
 + Level 4.0 Ranged Weapons
 - Level 4.0 Dodging
 - Level 1.5 Stealth


You had one spell level left.
You didn't know any spells.
Your spell library was empty.

Inventory:

Hand Weapons
 a - a +0 shortbow of draining (weapon)
Armour
 c - a +0 robe (worn)
 h - a +0 cloak (worn)
Potions
 e - a potion of might
 j - a potion of heal wounds {unknown}

Dungeon Overview and Level Annotations

Branches:
Dungeon (1/15)

Altars:


Message History

As you read the scroll labelled ZOENTA NIMP, it crumbles to dust.
You assume a fearsome visage.
Nothing appears to happen.
It was a scroll of fear.
Done exploring.
715 ||| READING scroll labelled SECZIPTOOL.
As you read the scroll labelled SECZIPTOOL, it crumbles to dust.
It is a scroll of brand weapon.
715 ||| BRANDING +0 shortbow.
Your +0 shortbow craves living souls!
a - a +0 shortbow of draining (weapon)
Done exploring.
716 ||| READING scroll labelled WOVVAMUPIKI.
The air fills with toxic fumes!
As you read the scroll labelled WOVVAMUPIKI, it crumbles to dust.
It was a scroll of poison.
Done exploring.
717 ||| DROPPING scroll of butterflies.
You drop a scroll of butterflies.
Done exploring.
718 ||| DROPPING scroll of fear.
You drop a scroll of fear.
Done exploring.
What level of the Dungeon? (default 1, ? - help) Sorry, I don't know how to get there.
Enter note:
Enter note:
Enter note:
Enter note:
Enter note:
Enter note:
Enter note:
Enter note:
Enter note:
Enter note:
Enter note:
Enter note: You are engulfed in poison gas.
You are lethally poisoned!
You feel very sick.
721 ||| Stepping ~*~*~tactically~*~*~ (cloud).
You feel sick.
There is a lethal amount of poison in your body!
You die...

#.###.............#
#.#...####.###....#
#......>##.# #.....
###.#.#.##.# ##...#
#¤#.#.##.# #...#
#¤#......# #...#
#¤#.#.#..####....
####¤#¤#¤#..........
#..@¤¤¤¤¤##....#.##.
##.##¤0#..........##.
###..#..¤¤¤¤.¤###.####.
#.....?¤~¤¤¤¤¤.##.# #.
#.#..~~¤¤~¤##¤..#.####.
##.|.~~~#####.##........
#...~¤~~#.##.##~¤..####.
#...~~~~#...##¤¤~..# #.
#..~~~~~#.###~~¤~~.# #.


There were no monsters in sight!

Vanquished Creatures
  A dart slug (D:1)
  A ball python (D:1)
  2 hobgoblins (D:1)
  2 bats (D:1)
  A frilled lizard (D:1)
  2 kobolds (D:1)
  2 rats (D:1)
11 creatures vanquished.

Notes
Turn   | Place    | Note
-------+----------+-------------------------------------------
     0 | D:1      | qw the Spriggan Hunter began the quest for the Orb.
     0 | D:1      | Reached XP level 1. HP: 10/10 MP: 2/2
     0 | D:1      | 0 ||| qw: Version: 0.3-a-155-g5e7d8dd
     0 | D:1      | 0 ||| qw: Game counter: 2238
     0 | D:1      | 0 ||| qw: Melee chars always use a shield: true
     0 | D:1      | 0 ||| qw: God list: Okawaru
     0 | D:1      | 0 ||| qw: Allow faded altars: false
     0 | D:1      | 0 ||| qw: Do Orc after clearing Dungeon:15 true
     0 | D:1      | 0 ||| qw: Do second Lair branch before Depths: true
     0 | D:1      | 0 ||| qw: Lair rune preference: random
     0 | D:1      | 0 ||| qw: Goals: Normal
     0 | D:1      | 0 ||| PLANNING D:1-11
   203 | D:1      | Reached skill level 3 in Dodging
   219 | D:1      | Reached XP level 2. HP: 8/14 MP: 3/3
   708 | D:1      | 708 ||| UPGRADING to +0 cloak.
   713 | D:1      | 713 ||| READING scroll labelled NOZUIZ ZATZO.
   713 | D:1      | 713 ||| IDENTIFYING fuming pink potion
   714 | D:1      | 714 ||| READING 2 scrolls labelled ZOENTA NIMP.
   715 | D:1      | 715 ||| READING scroll labelled SECZIPTOOL.
   715 | D:1      | 715 ||| BRANDING +0 shortbow.
   716 | D:1      | 716 ||| READING scroll labelled WOVVAMUPIKI.
   717 | D:1      | 717 ||| DROPPING scroll of butterflies.
   718 | D:1      | 718 ||| DROPPING scroll of fear.
   721 | D:1      | 721 ||| Stepping ~*~*~tactically~*~*~ (cloud).
   721 | D:1      | HP: 3/14 [poisoned by you (poison gas)]
   722 | D:1      | Succumbed to their own poison gas

Levels and vault maps discovered:
D:1:      lemuel_arrival_funnel, layout_loops_ring, wad_floor_pattern_1,
          grunt_decor_junction

Skill      XL: |  1  2 |
---------------+-------+-----
Dodging        | 3 4 |  4.0
Fighting       | |  1.5
Ranged Weapons | |  4.0
Stealth        | |  1.5

Action                     || total
---------------------------++-------
   Fire: Shortbow          ||    32
    Use: Scroll            ||     4
 Armour: Robe              ||     7
  Dodge: Dodged            ||    14

Table legend:
 A = Non-vault XP
 B = Vault XP
 C = Vault XP percentage of total XP
 D = Non-vault monster count
 E = Vault monster count
 F = Vault count percentage of total count
                 A         B        C        D         E       F
            +---------+---------+-------+---------+---------+-------
      Total |      19 |       0 |   0.0 |      11 |       0 |   0.0
            +---------+---------+-------+---------+---------+-------
        D:1 |      19 |       0 |   0.0 |      11 |       0 |   0.0
            +---------+---------+-------+---------+---------+-------
